 Dungeon Crawl Stone Soup version 0.28.0-53-g5a82cb258f (webtiles) character file.

Game seed: 11277473034145154520

1918 Erymatos the Basher (level 8, -12/73 HPs)
             Began as a Minotaur Berserker on June 8, 2022.
             Was a Priest of Trog.
             Mangled by Harold
             ... wielding a +0 halberd
              (16 damage)
             ... on level 7 of the Dungeon.
             The game lasted 00:06:26 (6748 turns).

Erymatos the Basher (Minotaur Berserker)            Turns: 6748, Time: 00:06:27

Health: -12/73     AC: 10    Str: 24    XL:     8   Next: 95%
Magic:  7/7        EV: 13    Int:  4    God:    Trog [***...]
Gold:   413        SH:  0    Dex: 10    Spells: 7/7 levels left

rFire   + . .      SeeInvis .   f - +1 mace (drain)
rCold   . . .      Faith    +   (no shield)
rNeg    . . .      Spirit   .   r - +0 chain mail
rPois   .          Reflect  .   (helmet restricted)
rElec   .          Harm     .   (no cloak)
rCorr   .          Rampage  .   (no gloves)
Will    .....                   (no boots)
Stlth   ..........              v - amulet of faith
HPRegen 0.22/turn               b - ring of protection from fire
MPRegen 0.10/turn               y - +4 ring of evasion

@: marked, on berserk cooldown, slowed, very slow
A: horns 2, retaliatory headbutt
a: Renounce Religion, Berserk, Trog's Hand


You were on level 7 of the Dungeon.
You worshipped Trog.
Trog was most pleased with you.
You visited 1 branch of the dungeon, and saw 7 of its levels.

You collected 413 gold pieces.

Inventory:

Hand Weapons
 a - a +0 mace
 f - a +1 mace of draining (weapon)
Armour
 r - a +0 chain mail (worn)
 u - a +0 chain mail
Jewellery
 b - a ring of protection from fire (left hand)
 o - a ring of fire
 v - an amulet of faith (around neck)
 y - a +4 ring of evasion (right hand)
Scrolls
 c - 2 scrolls of blinking {unknown}
 d - 2 scrolls of brand weapon {unknown}
 e - 7 scrolls of identify {unknown}
 g - 4 scrolls of teleportation {unknown}
 h - 3 scrolls of amnesia {unknown}
 i - a scroll of torment {unknown}
 j - 5 scrolls of noise {unknown}
 p - a scroll of fog {unknown}
 q - 4 scrolls of holy word {unknown}
 w - a scroll of magic mapping {unknown}
 x - a scroll of fear {unknown}
 A - a scroll of immolation {unknown}
Potions
 k - 2 potions of mutation {unknown}
 l - 3 potions of curing {unknown}
 m - a potion of heal wounds {unknown}
 n - a potion of degeneration {unknown}
 s - 2 potions of might {unknown}
 t - a potion of berserk rage {unknown}
 z - a potion of invisibility {unknown}


   Skills:
 + Level 7.1 Fighting
 + Level 9.5 Maces & Flails
 + Level 7.0 Armour
 + Level 4.2 Dodging
 + Level 3.0 Stealth


You had 7 spell levels left.
You didn't know any spells.
Your spell library was empty.

Dungeon Overview and Level Annotations

Branches:
Dungeon (7/15)             Temple (0/1) D:7

Altars:
Dithmenos
Zin

Annotations:
D:7 Harold


Innate Abilities, Weirdness & Mutations

You have a pair of horns on your head.
You reflexively headbutt those who attack you in melee.


Message History

You tear a large gash into the net.
Harold hits you from afar with a +0 halberd!
Unknown command.
You struggle against the net.
You feel your anger nearly subside.
You are no longer berserk.
You are exhausted.
You feel yourself slow down.
Harold hits you from afar with a +0 halberd!
Unknown command.
You rip the net and break free!
Harold hits you from afar with a +0 halberd!
* * * LOW HITPOINT WARNING * * *
Unknown command.
Harold hits you but does no damage.
Unknown command.
Okay, then.
Harold barely misses you.
Harold hits you from afar with a +0 halberd!
* * * LOW HITPOINT WARNING * * *
Harold gestures at you while chanting.
You barely resist.
Harold points at you and mumbles some strange words.
A sentinel's mark forms upon you. Harold gestures at you while chanting.
You barely resist.
Harold says, "Try to look on the bright side.
Your death will help put my children through school."
Harold casts a spell at you.
You barely resist.
Found 28 gold pieces.
You feel the effects of Trog's Hand fading.
Your skin stops crawling.
You feel less strong-willed.
Harold hits you from afar with a +0 halberd!
* * * LOW HITPOINT WARNING * * *
You hit Harold but do no damage.
Harold points at you and mumbles some strange words.
The mark upon you grows brighter.
You hit Harold but do no damage. You headbutt Harold.
Harold is lightly wounded.
Harold hits you with a +0 halberd!
You die...

#...####.## #.## .
#.....>.###.## ###.
#...##.......... #... #
.#......###.##
#.#.####..#.#.##.###.##
#$...$.................
#......#...#.#...#.....
#.......#.#...#.#......
#...#@..#.....#...#...
#....#@.#.....#..#....
#.#...###.(...###...#.
#..#..#..#...#..#..#..
#...###...#.#...###.).
#..#...#...#...#...#..
#.#.....#..#..#.....#.
#........#####(.......
#.#.....#..#..#.....#.


You could see Harold.

Vanquished Creatures
  Sigmund (D:5)
  A black bear (D:6)
  A sky beast (D:6)
  An ice beast (D:6)
  A necrophage (D:7)
  An ogre (D:4)
  An orc warrior (D:7)
  A centaur (D:7)
  2 scorpions
  An electric eel (D:7)
  A bullfrog zombie (D:6)
  A hound (D:6)
  4 orc priests
  4 jellies
  A centaur skeleton (D:6)
  2 bullfrog skeletons
  Jessica (D:3)
  5 iguanas
  10 orc wizards
  3 gnolls (D:4)
  7 adders
  A shadow imp (D:7)
  2 white imps
  An ufetubus (D:5)
  A dart slug (D:2)
  16 orcs
  6 endoplasms
  A giant cockroach (D:1)
  7 goblins
  5 hobgoblins
  5 kobolds
  A quokka (D:1)
  6 ball pythons
  7 bats
  3 frilled lizards (D:1)
  2 rats (D:1)
114 creatures vanquished.

Vanquished Creatures (others)
  2 plants (D:7)
2 creatures vanquished.

Grand Total: 116 creatures vanquished

Notes
Turn   | Place    | Note
-------+----------+-------------------------------------------
     0 | D:1      | Erymatos the Minotaur Berserker began the quest for the
                  | Orb.
     0 | D:1      | Reached XP level 1. HP: 19/19 MP: 0/0
   430 | D:1      | Reached XP level 2. HP: 23/24 MP: 1/1
   472 | D:1      | Reached skill level 4 in Maces & Flails
   766 | D:1      | Reached XP level 3. HP: 23/31 MP: 2/2
  1371 | D:2      | Reached ** piety under Trog
  2044 | D:3      | Noticed Jessica
  2048 | D:3      | Killed Jessica
  2049 | D:3      | Reached XP level 4. HP: 37/41 MP: 3/3
  2123 | D:3      | Reached skill level 5 in Maces & Flails
  2125 | D:3      | Reached skill level 1 in Stealth
  2130 | D:3      | Reached XP level 5. HP: 30/47 MP: 4/4
  2598 | D:3      | Found a shadowy altar of Dithmenos.
  3197 | D:4      | Reached skill level 5 in Fighting
  3222 | D:4      | Reached XP level 6. HP: 40/56 MP: 5/5
  3235 | D:4      | Reached skill level 6 in Maces & Flails
  3670 | D:4      | Reached XP level 7. HP: 61/61 MP: 6/6
  3904 | D:4      | Reached skill level 7 in Maces & Flails
  4275 | D:5      | Entered Level 5 of the Dungeon
  4380 | D:5      | Noticed Sigmund
  4388 | D:5      | Killed Sigmund
  4671 | D:5      | Reached skill level 8 in Maces & Flails
  4952 | D:6      | Reached XP level 8. HP: 71/71 MP: 7/7
  5379 | D:6      | Found a glowing silver altar of Zin.
  5408 | D:6      | Reached skill level 5 in Armour
  5439 | D:6      | Reached *** piety under Trog
  5537 | D:6      | Reached skill level 9 in Maces & Flails
  6672 | D:7      | Found a staircase to the Ecumenical Temple.
  6722 | D:7      | Noticed Harold
  6734 | D:7      | HP: 2/73 [Harold/+0 halberd (15)]
  6745 | D:7      | HP: 3/73 [Harold/+0 halberd (17)]
  6748 | D:7      | Mangled by Harold

Illustrated notes

Levels and vault maps discovered:
D:1:      heliophobic_arrival_enchanted_forest, layout_rooms,
          minmay_misc_feat_pillars, hangedman_decor_peaks_small,
          grunt_decor_resistance, minmay_indecisive_spiral
D:2:      layout_rooms, hex_medium
D:3:      layout_basic, mainiacjoe_overflow_alcove_2, uniq_jessica
D:4:      layout_loops_ring, hex_tiny, minmay_a_box_with_orc_wizards_in_it
D:5:      layout_basic, uniq_sigmund
D:6:      layout_loops_ring, mainiacjoe_overflow_alcove_1, grunt_ministairs_13
D:7:      layout_loops_ring, minmay_temple_entry_enclosed_plants,
          chequers_big_river, minmay_splitting_lines, minmay_misc_feat_tiny,
          uniq_harold

Skill      XL: |  1  2  3  4  5  6  7  8 |
---------------+-------------------------+-----
Fighting       | 4 5 6 7 |  7.1
Maces & Flails | 4 5 6 8 9 |  9.5
Dodging        | 3 4 |  4.2
Stealth        | 1 2 3 |  3.0
Armour         | 3 4 7 |  7.0

Action                   |  1- 3 |  4- 6 |  7- 9 || total
-------------------------+-------+-------+-------++-------
Melee: Mace              |    64 |    64 |   161 ||   289
       Headbutt          |     5 |     7 |    33 ||    45
       Punch             |     1 |     3 |     3 ||     7
Invok: Berserk           |     1 |     4 |     5 ||    10
       Trog's Hand       |       |       |     1 ||     1
 Stab: Sleeping          |     2 |     1 |       ||     3
Armor: Animal skin       |    11 |       |       ||    11
       Chain mail        |       |    15 |    62 ||    77
Dodge: Dodged            |    44 |    27 |    75 ||   146
